 Dungeon Sprint DCSS version 0.30-a0-1163-gf69bf04e7a (webtiles) character file.

Game seed: 16156244010996000577

25 fozzywoppz the Sneak (level 2, -8/13 HPs)
             Began as a Spriggan Enchanter on Apr 28, 2023.
             Mangled by an ogre
             ... wielding a +0 giant spiked club
              (21 damage)
             ... in the Dungeon (Sprint I: "Red Sonja").
             The game lasted 00:00:41 (63 turns).

fozzywoppz the Sneak (Spriggan Enchanter)             Turns: 63, Time: 00:00:42

Health: -8/13      AC:  2    Str:  4    XL:     2   Next: 82%
Magic:  8/8        EV: 18    Int: 16    God:
Gold:   0          SH:  0    Dex: 15    Spells: 9/9 levels left

rFire   . . .        a - +1 dagger
rCold   . . .        (no shield)
rNeg    . . .        b - +0 robe
rPois   .            (helmet restricted)
rElec   .            (no cloak)
rCorr   .            (gloves unavailable)
SInv    +            (boots unavailable)
Will    .....        (no amulet)
Stlth   +++          (no ring)
HPRegen 0.22/turn    (no ring)
MPRegen 0.11/turn

%: no teleportation
@: very quick
A: very small, no large weapons, unfitting armour, see invisible, speed 3
a: no special abilities


You were in the Dungeon.
You visited 1 branch

Inventory:

Hand Weapons
 a - a +1 dagger (weapon)
Armour
 b - a +0 robe (worn)
Wands
 h - a wand of flame (8)
Scrolls
 i - a scroll of blinking
Potions
 c - 2 potions of invisibility
 d - a potion of curing
 e - a potion of heal wounds
 f - a potion of haste
 g - 2 potions of magic


   Skills:
 + Level 2.9 Short Blades
 + Level 4.2 Dodging
 + Level 6.0 Stealth
 - Level 4.0 Spellcasting
 + Level 4.7 Hexes


You had 9 spell levels left.
You didn't know any spells.
Your spell library contained the following spells:

 Spells                   Type           Power      Damage    Failure   Level
 Confusing Touch          Hex            18%        N/A       7%          3
 Tukima's Dance           Hex            18%        N/A       7%          3
 Ensorcelled Hibernation  Hex/Ice        20%        N/A       10%         2
 Dazzling Flash           Conj/Hex       20%        N/A       19%         3


Dungeon Overview and Level Annotations

Branches:
Dungeon (1/1)

Altars:


Innate Abilities, Weirdness & Mutations

You are very small and have problems with some larger weapons.
You are too small for most types of armour.
You have supernaturally acute eyesight. (SInv)
You cover ground extremely quickly. (Speed+++)


Message History

You are no longer berserk.
You are exhausted.
You feel yourself slow down.
Things that are here:
a +0 club; a +0 ring mail; the goblin corpse of Ijyb
There is an open door here.
Things that are here:
a +0 club; a +0 ring mail; the goblin corpse of Ijyb You start resting.
Magic restored.
You start waiting.
You feel yourself speed up.
You start waiting.
You recover from your berserk rage.
You open the door.
An ogre comes into view. It is wielding a +0 giant spiked club.
The ogre shouts!
Aiming: Throw Flame
Press: ? - help, Shift-Dir - straight line, f - ogre
Aim: an ogre, wielding a +0 giant spiked club (85% to hit)
The puff of flame hits the ogre.
The ogre is lightly wounded.
Unknown command.
Things that are here:
a +0 club; a +0 ring mail; the goblin corpse of Ijyb
There is an open door here.
Aiming: Throw Flame
Press: ? - help, Shift-Dir - straight line, f/p - ogre
Aim: an ogre, wielding a +0 giant spiked club (lightly wounded, 85% to hit)
The puff of flame hits the ogre.
The ogre is moderately wounded.
Unknown command.
Aiming: Throw Flame
Press: ? - help, Shift-Dir - straight line, f/p - ogre
Aim: an ogre, wielding a +0 giant spiked club (moderately wounded, 85% to hit)
The puff of flame hits the ogre!
The ogre is heavily wounded.
The ogre hits you with a +0 giant spiked club!!
Ouch! That really hurt!
You die...

##########
#<.#..'..#
#..').#..+
#.O#### +#
#@.# #..#
#..# #⌠⌠#
####


You could see an ogre.

Vanquished Creatures
  Ijyb (D)
1 creature vanquished.

Notes
Turn   | Place    | Note
-------+----------+-------------------------------------------
     0 | D        | fozzywoppz the Spriggan Enchanter began the quest for the
                  | Orb.
     0 | D        | Reached XP level 1. HP: 9/9 MP: 5/5
     1 | D        | Noticed Ijyb
     8 | D        | Killed Ijyb
     9 | D        | Reached skill level 6 in Stealth
     9 | D        | Reached XP level 2. HP: 13/13 MP: 6/8
    56 | D        | Noticed an ogre
    63 | D        | Mangled by an ogre

Illustrated notes

Levels and vault maps discovered:
D:        dungeon_sprint_1 [red_sonja_temple_1, red_sonja_temple_small_1]

Skill      XL: |  1 |
---------------+----+-----
Short Blades   | 2 |  2.9
Dodging        | 4 |  4.2
Stealth        | 6 |  6.0
Spellcasting   | 4 |  4.0
Hexes          | 4 |  4.7

Action                     || total
---------------------------++-------
  Melee: Dagger            ||     4
  Evoke: Wand              ||     3
    Use: Potion            ||     1
  Dodge: Dodged            ||     2

Table legend: (Time is in decaauts)
 A = Elapsed time spent in this place.
 B = Non-inter-level travel time spent in this place.
 C = Inter-level travel time spent in this place.
 D = Time resting spent in this place.
 E = Time spent auto-exploring this place.
 F = Levels seen in this place.
 G = Mean time per level.
                   A        B        C        D        E       F      G
               +--------+--------+--------+--------+--------+-----+--------+
         Total |     68 |     68 |      0 |     53 |      0 |   1 |   68.0 |
       Dungeon |     68 |     68 |      0 |     53 |      0 |   1 |   68.0 |
               +--------+--------+--------+--------+--------+-----+--------+

Top non-repeatable levels by time:
       D: 68 daAuts
